 Dungeon Crawl Stone Soup version 0.30-a0-860-g512cf1e979 (webtiles) character file.

Game seed: 9969584475808266808

87 lunkers the Cudgeller (level 5, -7/45 HPs)
             Began as a Meteoran Fighter on Mar 7, 2023.
             Killed by divine providence
             ... invoked by an orc priest
              (10 damage)
             ... on level 3 of the Dungeon.
             The game lasted 00:01:01 (652 turns).

lunkers the Cudgeller (Meteoran Fighter)             Turns: 652, Time: 00:01:01

Health: -7/45      AC:  6    Str: 20    XL:     5   Next: 8%
Magic:  6/6        EV:  9    Int:  9    God:
Gold:   52         SH:  5    Dex: 13    Spells: 4/4 levels left

rFire   . . .      SeeInvis .    a - +0 flail
rCold   . . .      Faith    .    c - +0 buckler
rNeg    . . .      Spirit   .    b - +0 scale mail
rPois   .          Reflect  .    (no helmet)
rElec   .          Rampage  .    (no cloak)
rCorr   .                        (no gloves)
Will    .....                    (no boots) Stlth
                                 (no amulet)
HPRegen 0.27/turn                (no ring)
MPRegen 0.10/turn                (no ring)

@: mighty, glowing
A: sense surroundings 1, otherworldly, glowing, explore regen
a: no special abilities


You were on level 3 of the Dungeon.
You visited 1 branch of the dungeon, and saw 3 of its levels.

You collected 52 gold pieces.

Inventory:

Hand Weapons
 a - a +0 flail (weapon)
Armour
 b - a +0 scale mail (worn)
 c - a +0 buckler (worn)
Scrolls
 j - 2 scrolls of enchant weapon {unknown}
 k - a scroll of magic mapping {unknown}
 l - a scroll of identify {unknown}
Potions
 e - a potion of attraction {unknown}
 f - a potion of heal wounds {unknown}
 g - 5 potions of curing {unknown}
 h - a potion of lignification {unknown}
 i - a potion of resistance {unknown}
 m - 2 potions of brilliance {unknown}


   Skills:
 - Level 3.2 Fighting
 + Level 6.1 Maces & Flails
 - Level 3.6 Armour
 - Level 3.6 Shields


You had 4 spell levels left.
You didn't know any spells.
Your spell library contained the following spells:

 Spells                   Type           Power      Damage    Failure   Level
 Summon Small Mammal      Summ           0%         N/A       83%         1
 Call Canine Familiar     Summ           0%         N/A       99%         3
 Summon Guardian Golem    Hex/Summ       0%         N/A       99%         3


Dungeon Overview and Level Annotations

Branches:
Dungeon (3/15) Zot: 1124

Altars:


Innate Abilities, Weirdness & Mutations

You passively map a small area around you.
You are easily found by Zot.
You glow in the dark.
You regain HP and MP as you explore.


Message History

No target in view!
You see here a bat corpse.
m - 2 red potions 2 orcs and an orc priest come into view.
The orc shouts!
The orc priest shouts!
You hear a shout!
An orc priest comes into view. It is wielding a +0 hand axe.
There are monsters nearby!
An orc priest comes into view. It is wielding a +0 short sword.
The orc priest shouts!
Okay, then.
You feel very mighty all of a sudden.
You sock the orc priest!
The orc priest is almost dead.
The orc priest hits you but does no damage.
The orc priest invokes the aid of Beogh against you.
Beogh smites you!
You closely miss the orc priest.
The orc priest is almost dead.
The orc priest hits you but does no damage.
The orc priest invokes the aid of Beogh against you.
Beogh smites you!
* * * LOW HITPOINT WARNING * * *
You thump the orc priest!
You kill the orc priest!
A kobold comes into view. It is wielding a +3 whip.
Your Maces & Flails skill increases to level 6!
You have reached level 5!
You closely miss the orc. The orc hits you but does no damage.
You closely miss the orc. You block the orc's attack.
The orc priest casts a cantrip, but nothing happens.
You hit the orc.
The orc is lightly wounded.
The orc priest mumbles some strange prayers to Beogh against you.
Beogh smites you!
* * * LOW HITPOINT WARNING * * *
The orc hits you with a +0 falchion.
* * * LOW HITPOINT WARNING * * *
The orc priest calls down the wrath of Beogh upon you.
Beogh smites you!
You die...

, * * * #..... * ..
###.## ,,, #.#* #.# ,
#.. * ##'## * * #.#
##...# * * #.####
##).... #.##.## ##......
,
##.#####.#...####.......
..Koooo@........'.......
* ,
...#####.#...####.......
#........# ##...... * *
*#.##.###.# ##(.... #
##.##.###.# ##...#
*#.#~.##†.##.# ##+## ,
#..~........# ##.##
#..~~~.#.#### #.... *
#...~~....# #..#.


You could see 2 orc priests, 2 orcs and a kobold.

Vanquished Creatures
  An orc priest (D:3)
  2 adders
  2 worms (D:2)
  3 dart slugs
  A ball python (D:1)
  5 bats
  3 endoplasms
  3 giant cockroaches
  3 goblins
  A hobgoblin (D:1)
  4 kobolds
  A rat (D:1)
29 creatures vanquished.

Notes
Turn   | Place    | Note
-------+----------+-------------------------------------------
     0 | D:1      | lunkers the Meteoran Fighter began the quest for the Orb.
     0 | D:1      | Reached XP level 1. HP: 19/19 MP: 2/2
    72 | D:1      | Reached skill level 3 in Maces & Flails
    76 | D:1      | Reached XP level 2. HP: 15/26 MP: 3/3
   153 | D:1      | Reached skill level 4 in Maces & Flails
   203 | D:2      | Reached XP level 3. HP: 30/31 MP: 4/4
   464 | D:2      | Reached skill level 5 in Maces & Flails
   464 | D:2      | Reached XP level 4. HP: 35/38 MP: 5/5
   650 | D:3      | Reached skill level 6 in Maces & Flails
   650 | D:3      | Reached XP level 5. HP: 11/45 MP: 6/6
   652 | D:3      | Killed from afar by an orc priest

Illustrated notes

Levels and vault maps discovered:
D:1:      dpeg_arrival_water_fire, layout_basic
D:2:      layout_basic, nicolae_kite_square_tiling_tiny
D:3:      layout_loops_corners, nicolae_overflow_hidden_temple,
          basic_ecumenical_altar, chequers_serial_rivers_micro_c

Skill      XL: |  1  2  3  4 |
---------------+-------------+-----
Maces & Flails | 3 4 5 6 |  6.1
Fighting       | |  3.2
Armour         | |  3.6
Shields        | |  3.6

Action                     |  1- 3 |  4- 6 || total
---------------------------+-------+-------++-------
  Melee: Flail             |    78 |    19 ||    97
    Use: Potion            |       |     1 ||     1
 Armour: Scale mail        |    40 |     9 ||    49
  Dodge: Dodged            |    44 |     4 ||    48
  Block: Buckler           |    31 |     1 ||    32

Table legend: (Time is in decaauts)
 A = Elapsed time spent in this place.
 B = Non-inter-level travel time spent in this place.
 C = Inter-level travel time spent in this place.
 D = Time resting spent in this place.
 E = Time spent auto-exploring this place.
 F = Levels seen in this place.
 G = Mean time per level.
                   A        B        C        D        E       F      G
               +--------+--------+--------+--------+--------+-----+--------+
         Total |    674 |    674 |      0 |      0 |    447 |   3 |  224.7 |
       Dungeon |    674 |    674 |      0 |      0 |    447 |   3 |  224.7 |
               +--------+--------+--------+--------+--------+-----+--------+

Top non-repeatable levels by time:
     D:2: 281 daAuts
     D:1: 204 daAuts
     D:3: 188 daAuts
